3A
KENNESAW JETS @ PUT-IN-BAY BC
09/03/2042
 
TOP OF THE 1ST
Kennesaw Jets batting - Pitching for Put-In-Bay BC : LHP Jason Reynolds
Pitching: LHP Jason Reynolds
Batting: RHB Will Gamble 0-0: Ball
1-0: Swinging Strike
1-1: Ball
2-1: Hit by Pitch
Pinch Runner at 1st Enreecko-Edilberto Bibilone:
Batting: LHB Ta-hye Keng 0-0: Foul Ball, location: 2F
0-1: Fly out, F8 (Flyball, 89XD, EV 99.4 MPH)
Runner from 1st tags up, SAFE at 2nd
Batting: RHB Rubén Nuañez 0-0: Ball
1-0: Ball
2-0: Ball
3-0: Base on Balls
Batting: LHB Steve Hodge 0-0: Ball
1-0: Called Strike
1-1: Called Strike
1-2: Fly out, F7 (Flyball, 7S, EV 78.8 MPH)
Batting: RHB Wally Harrison 0-0: Called Strike
0-1: Swinging Strike
0-2: Fly out, F9 (Flyball, 9LS, EV 75.6 MPH)
Top of the 1st over - 0 runs, 0 hits, 0 errors, 2 left on base; Kennesaw 0 - Put-In-Bay 0
BOTTOM OF THE 1ST
Put-In-Bay BC batting - Pitching for Kennesaw Jets : RHP José Jiménez
Pitching: RHP José Jiménez
Now in LF: Scotty Forrest
Batting: LHB Rob Litten 0-0: Ball
1-0: Called Strike
1-1: Ball
2-1: Called Strike
2-2: Ball
3-2: Foul Ball, location: 2F
3-2: Foul Ball, location: 2F
3-2: Foul Ball, location: 2F
3-2: Strikes out swinging
Batting: SHB Héctor Solís 0-0: Ball
1-0: Called Strike
1-1: Ball
2-1: Called Strike
2-2: Strikes out looking
Batting: RHB Chris P. Bacon 0-0: Called Strike
0-1: Foul Ball, location: 2F
0-2: Foul Ball, location: 2F
0-2: Strikes out swinging
Bottom of the 1st over - 0 runs, 0 hits, 0 errors, 0 left on base; Kennesaw 0 - Put-In-Bay 0
TOP OF THE 2ND
Kennesaw Jets batting - Pitching for Put-In-Bay BC : LHP Jason Reynolds
Batting: LHB José Costa 0-0: Ball
1-0: Called Strike
1-1: Swinging Strike
1-2: Strikes out swinging
Batting: RHB Steve Gill 0-0: Ball
1-0: Ball
2-0: Called Strike
2-1: SOLO HOME RUN (Flyball, 78XD, EV 115.6 MPH), Distance : 398 ft
Batting: LHB Russ Boucher 0-0: Foul Ball, location: 2F
0-1: Ball
1-1: Ball
2-1: Reached on error, E5 (Groundball, 56S, EV 84.4 MPH)
Batting: RHB Frank Mallam 0-0: Ball
1-0: Swinging Strike
1-1: Called Strike
Russ Boucher is caught stealing 2nd base 2-4
1-2: Strikes out looking
Top of the 2nd over - 1 run, 1 hit, 1 error, 0 left on base; Kennesaw 1 - Put-In-Bay 0
BOTTOM OF THE 2ND
Put-In-Bay BC batting - Pitching for Kennesaw Jets : RHP José Jiménez
Batting: LHB Fernan Espinoza 0-0: Foul Ball, location: 2F
0-1: Ball
1-1: Foul Ball, location: 2F
1-2: Ball
2-2: Strikes out swinging
Batting: RHB Bang-xao Li 0-0: Called Strike
0-1: Ball
1-1: Swinging Strike
1-2: Foul Ball, location: 2F
1-2: Strikes out swinging
Batting: SHB Patrick Sullivan 0-0: Called Strike
0-1: Ball
1-1: Foul Ball, location: 2F
1-2: Foul Ball, location: 2F
1-2: Ball
2-2: Ball
3-2: Base on Balls
Batting: RHB Zach Stafford 0-0: Swinging Strike
0-1: Foul Ball, location: 2F
0-2: Strikes out swinging
Bottom of the 2nd over - 0 runs, 0 hits, 0 errors, 1 left on base; Kennesaw 1 - Put-In-Bay 0
TOP OF THE 3RD
Kennesaw Jets batting - Pitching for Put-In-Bay BC : LHP Jason Reynolds
Batting: LHB Scotty Forrest 0-0: Ball
1-0: Ball
2-0: Ball
3-0: Called Strike
3-1: Fly out, F3 (Line Drive, 3, EV 56.9 MPH)
Batting: LHB Ta-hye Keng 0-0: Called Strike
0-1: Fly out, F9 (Flyball, 9S, EV 96.2 MPH)
Batting: RHB Rubén Nuañez 0-0: Ball
1-0: Ball
2-0: Called Strike
2-1: Foul Ball, location: 2F
2-2: Ball
3-2: Strikes out looking
Top of the 3rd over - 0 runs, 0 hits, 0 errors, 0 left on base; Kennesaw 1 - Put-In-Bay 0
BOTTOM OF THE 3RD
Put-In-Bay BC batting - Pitching for Kennesaw Jets : RHP José Jiménez
Batting: LHB Tom Bruce 0-0: Called Strike
0-1: Swinging Strike
0-2: Ball
1-2: Strikes out swinging
Batting: RHB Mark Mathews 0-0: Called Strike
0-1: Ball
1-1: Foul Ball, location: 2F
1-2: Foul Ball, location: 2F
1-2: Ball
2-2: Foul Ball, location: 2F
2-2: Strikes out swinging
Batting: LHB Rob Litten 0-0: Ball
1-0: Ball
2-0: Ball
3-0: Called Strike
3-1: Base on Balls
Batting: SHB Héctor Solís 0-0: Swinging Strike
0-1: Ball
1-1: Ball
2-1: Foul Ball, location: 2F
2-2: Ball
3-2: Fly out, F8 (Flyball, 8RS, EV 86.2 MPH)
Bottom of the 3rd over - 0 runs, 0 hits, 0 errors, 1 left on base; Kennesaw 1 - Put-In-Bay 0
TOP OF THE 4TH
Kennesaw Jets batting - Pitching for Put-In-Bay BC : LHP Jason Reynolds
Batting: LHB Steve Hodge 0-0: Called Strike
0-1: Ball
1-1: Ball
2-1: Foul Ball, location: 2F
2-2: Ball
3-2: Fly out, F5 (Popup, 15S, EV 78.8 MPH)
Batting: RHB Wally Harrison 0-0: Ball
1-0: Called Strike
1-1: Foul Ball, location: 2F
1-2: Ground out 5-3 (Groundball, 56, EV 105.6 MPH)
Batting: LHB José Costa 0-0: SINGLE (Flyball, 7S, EV 91.2 MPH)
Batting: RHB Steve Gill 0-0: Foul Ball, location: 2F
0-1: Ball
1-1: Swinging Strike
1-2: Ball
2-2: Foul Ball, location: 2F
2-2: Foul Ball, location: 2F
2-2: Strikes out swinging
Top of the 4th over - 0 runs, 1 hit, 0 errors, 1 left on base; Kennesaw 1 - Put-In-Bay 0
BOTTOM OF THE 4TH
Put-In-Bay BC batting - Pitching for Kennesaw Jets : RHP José Jiménez
Batting: RHB Chris P. Bacon 0-0: Ball
1-0: Swinging Strike
1-1: Foul Ball, location: 2F
1-2: Ball
2-2: Strikes out swinging
Batting: LHB Fernan Espinoza 0-0: Ball
1-0: Called Strike
1-1: Foul Ball, location: 2F
1-2: Fly out, F5 (Popup, 5DF, EV 51.2 MPH)
Batting: RHB Bang-xao Li 0-0: Called Strike
0-1: Fly out, F7 (Flyball, 7D, EV 94.4 MPH)
Bottom of the 4th over - 0 runs, 0 hits, 0 errors, 0 left on base; Kennesaw 1 - Put-In-Bay 0
TOP OF THE 5TH
Kennesaw Jets batting - Pitching for Put-In-Bay BC : LHP Jason Reynolds
Batting: LHB Russ Boucher 0-0: Called Strike
0-1: Foul Ball, location: 2F
0-2: Foul Ball, location: 2F
0-2: Ball
1-2: Ball
2-2: SINGLE (Line Drive, 56D, EV 110.0 MPH)
Batting: RHB Frank Mallam 0-0: Fly out, F7 (Flyball, 78S, EV 79.4 MPH)
Batting: LHB Scotty Forrest 0-0: Foul Ball, location: 2F
0-1: SINGLE (Groundball, 4MD, EV 101.9 MPH)
Russ Boucher to second
Runner from 2nd tries for 3rd, SAFE, no throw by CF
Batting: LHB Ta-hye Keng 0-0: Ball
1-0: Foul Ball, location: 2F
1-1: Ball
2-1: Foul Ball, location: 2F
2-2: Ball
3-2: Foul Ball, location: 2F
3-2: Strikes out swinging
Batting: RHB Rubén Nuañez 0-0: Ball
1-0: Fly out, F7 (Line Drive, 7, EV 95.0 MPH)
Top of the 5th over - 0 runs, 2 hits, 0 errors, 2 left on base; Kennesaw 1 - Put-In-Bay 0
BOTTOM OF THE 5TH
Put-In-Bay BC batting - Pitching for Kennesaw Jets : RHP José Jiménez
Batting: SHB Patrick Sullivan 0-0: Called Strike
0-1: Foul Ball, location: 2F
0-2: Ball
1-2: Foul Ball, location: 2F
1-2: Foul Ball, location: 2F
1-2: Ball
2-2: Ball
3-2: Base on Balls
Batting: RHB Zach Stafford 0-0: Ball
1-0: Called Strike
1-1: Swinging Strike
1-2: Hit by Pitch
Patrick Sullivan to second
Batting: LHB Tom Bruce 0-0: Ball
1-0: Fly out, F2 (Popup, 25F, EV 90.6 MPH)
Batting: RHB Mark Mathews 0-0: Called Strike
0-1: Called Strike
0-2: Ball
1-2: Strikes out looking
Batting: LHB Rob Litten 0-0: Called Strike
0-1: Swinging Strike
0-2: Ball
1-2: Strikes out swinging
Bottom of the 5th over - 0 runs, 0 hits, 0 errors, 2 left on base; Kennesaw 1 - Put-In-Bay 0
TOP OF THE 6TH
Kennesaw Jets batting - Pitching for Put-In-Bay BC : LHP Jason Reynolds
Batting: LHB Steve Hodge 0-0: Foul Ball, location: 2F
0-1: Ground out 4-3 (Groundball, 34, EV 81.2 MPH)
Batting: RHB Wally Harrison 0-0: Ball
1-0: Called Strike
1-1: Fly out, F4 (Line Drive, 4, EV 66.2 MPH)
Batting: LHB José Costa 0-0: Ground out 4-3 (Groundball, 4M, EV 107.5 MPH)
Top of the 6th over - 0 runs, 0 hits, 0 errors, 0 left on base; Kennesaw 1 - Put-In-Bay 0
BOTTOM OF THE 6TH
Put-In-Bay BC batting - Pitching for Kennesaw Jets : RHP José Jiménez
Batting: SHB Héctor Solís 0-0: Foul Ball, location: 2F
0-1: Fly out, F4 (Line Drive, 4, EV 67.5 MPH)
Batting: RHB Chris P. Bacon 0-0: Ball
1-0: Foul Ball, location: 2F
1-1: SOLO HOME RUN (Flyball, 7D, EV 95.0 MPH), Distance : 366 ft
Batting: LHB Fernan Espinoza 0-0: Swinging Strike
0-1: Ball
1-1: Swinging Strike
1-2: Ball
2-2: Fly out, F7 (Flyball, 78D, EV 102.5 MPH)
Batting: RHB Bang-xao Li 0-0: Ball
1-0: Ball
2-0: Foul Ball, location: 2F
2-1: Foul Ball, location: 2F
2-2: Strikes out swinging
Bottom of the 6th over - 1 run, 1 hit, 0 errors, 0 left on base; Kennesaw 1 - Put-In-Bay 1
TOP OF THE 7TH
Kennesaw Jets batting - Pitching for Put-In-Bay BC : LHP Jason Reynolds
Batting: RHB Steve Gill 0-0: Ball
1-0: Ground out 6-3 (Groundball, 6, EV 98.1 MPH)
Batting: LHB Russ Boucher 0-0: Ball
1-0: Ball
2-0: Foul Ball, location: 2F
2-1: Swinging Strike
2-2: Strikes out swinging
Batting: RHB Frank Mallam 0-0: Called Strike
0-1: Ball
1-1: Foul Ball, location: 2F
1-2: Strikes out looking
Top of the 7th over - 0 runs, 0 hits, 0 errors, 0 left on base; Kennesaw 1 - Put-In-Bay 1
BOTTOM OF THE 7TH
Put-In-Bay BC batting - Pitching for Kennesaw Jets : RHP José Jiménez
Pitching: RHP Roberto Palmeiro
Batting: SHB Patrick Sullivan 0-0: Hit by Pitch
Batting: RHB Zach Stafford 0-0: Ball
1-0: DOUBLE (Line Drive, 9LS, EV 110.0 MPH)
Patrick Sullivan to third
Batting: LHB Tom Bruce 0-0: Foul Ball, location: 2F
0-1: Ball
1-1: Fly out, F8 (Flyball, 8RS, EV 92.5 MPH)
Batting: RHB Mark Mathews 0-0: Ball
1-0: Called Strike
1-1: SINGLE (Groundball, 56, EV 98.1 MPH)
Patrick Sullivan scores
Zach Stafford to third
Runner from 3rd tries for Home, SAFE, no throw by LF
Batting: LHB Rob Litten 0-0: Ball
1-0: Fly out, F8 (Line Drive, 8LD, EV 90.0 MPH)
Batting: SHB Héctor Solís 0-0: Called Strike
0-1: Called Strike
0-2: Fielders Choice at 2nd, U6 (Groundball, 6M, EV 85.0 MPH)
Bottom of the 7th over - 2 runs, 2 hits, 0 errors, 1 left on base; Kennesaw 1 - Put-In-Bay 3
TOP OF THE 8TH
Kennesaw Jets batting - Pitching for Put-In-Bay BC : LHP Jason Reynolds
Batting: LHB Scotty Forrest 0-0: SINGLE (Flyball, 8LS, EV 88.8 MPH)
Batting: LHB Ta-hye Keng 0-0: Ball
1-0: Reached on error, E1 (Groundball, 34S, EV 80.6 MPH)
Scotty Forrest to second
Pitching: RHP Kimitada Shini
Batting: RHB Rubén Nuañez 0-0: Called Strike
0-1: Ball
1-1: Called Strike
1-2: Foul Ball, location: 2F
1-2: Foul Ball, location: 2F
1-2: Foul Ball, location: 2F
1-2: Ball
2-2: Foul Ball, location: 2F
2-2: DOUBLE (Line Drive, 78D, EV 110.0 MPH)
Scotty Forrest scores
Ta-hye Keng to third
Batting: LHB Steve Hodge 0-0: Ball
1-0: Called Strike
1-1: Ball
2-1: Swinging Strike
2-2: Strikes out looking
Batting: RHB Wally Harrison 0-0: Ball
1-0: Ground out 5-3 (Groundball, 56, EV 84.4 MPH)
Ta-hye Keng scores
Batting: LHB José Costa 0-0: Foul Ball, location: 2F
0-1: Ball
1-1: Swinging Strike
1-2: Strikes out swinging
Top of the 8th over - 2 runs, 2 hits, 1 error, 1 left on base; Kennesaw 3 - Put-In-Bay 3
BOTTOM OF THE 8TH
Put-In-Bay BC batting - Pitching for Kennesaw Jets : RHP Roberto Palmeiro
Batting: RHB Chris P. Bacon 0-0: Called Strike
0-1: Ball
1-1: Fly out, F8 (Line Drive, 8RM, EV 95.0 MPH)
Batting: LHB Fernan Espinoza 0-0: Called Strike
0-1: Foul Ball, location: 2F
0-2: Ball
1-2: Ball
2-2: Foul Ball, location: 2F
2-2: Foul Ball, location: 2F
2-2: Ball
3-2: Base on Balls
Pitching: RHP Masujiro Kanemura
Batting: RHB Bang-xao Li 0-0: Called Strike
0-1: Ball
1-1: Grounds into double play, 5-4-3 (Groundball, 5S, EV 83.8 MPH)
Bottom of the 8th over - 0 runs, 0 hits, 0 errors, 0 left on base; Kennesaw 3 - Put-In-Bay 3
TOP OF THE 9TH
Kennesaw Jets batting - Pitching for Put-In-Bay BC : RHP Kimitada Shini
Batting: RHB Steve Gill 0-0: Ball
1-0: Ball
2-0: Foul Ball, location: 2F
2-1: Ball
3-1: Base on Balls
Batting: LHB Russ Boucher 0-0: Ball
1-0: Sac Bunt to 5S - play at first, batter OUT! 5-4
Steve Gill to second
Batting: RHB Frank Mallam 0-0: Ground out U3 (Groundball, 3, EV 103.8 MPH)
Steve Gill to third
Batting: LHB Scotty Forrest 0-0: Ground out 6-3 (Groundball, 56, EV 78.8 MPH)
Top of the 9th over - 0 runs, 0 hits, 0 errors, 1 left on base; Kennesaw 3 - Put-In-Bay 3
BOTTOM OF THE 9TH
Put-In-Bay BC batting - Pitching for Kennesaw Jets : RHP Masujiro Kanemura
Batting: SHB Patrick Sullivan 0-0: Ball
1-0: Foul Ball, location: 2F
1-1: Ball
2-1: Foul Ball, location: 2F
2-2: Ball
3-2: Strikes out swinging
Batting: RHB Zach Stafford 0-0: Ball
1-0: Ball
2-0: Called Strike
2-1: Swinging Strike
2-2: Strikes out swinging
Batting: LHB Tom Bruce 0-0: Called Strike
0-1: Ball
1-1: Called Strike
1-2: Ball
2-2: Foul Ball, location: 2F
2-2: Ball
3-2: Strikes out swinging
Bottom of the 9th over - 0 runs, 0 hits, 0 errors, 0 left on base; Kennesaw 3 - Put-In-Bay 3
TOP OF THE 10TH
Kennesaw Jets batting - Pitching for Put-In-Bay BC : RHP Kimitada Shini
Batting: LHB Ta-hye Keng 0-0: Called Strike
0-1: Ground out 4-3 (Groundball, 34D, EV 105.6 MPH)
Batting: RHB Rubén Nuañez 0-0: Swinging Strike
0-1: Ball
1-1: Swinging Strike
1-2: Ball
2-2: Strikes out swinging
Batting: LHB Steve Hodge 0-0: Ball
1-0: Ball
2-0: Ball
3-0: Base on Balls
Pitching: RHP Júlio Japón
Batting: RHB Wally Harrison 0-0: Ball
1-0: Called Strike
1-1: Fly out, F8 (Line Drive, 8LD, EV 95.6 MPH)
Top of the 10th over - 0 runs, 0 hits, 0 errors, 1 left on base; Kennesaw 3 - Put-In-Bay 3
BOTTOM OF THE 10TH
Put-In-Bay BC batting - Pitching for Kennesaw Jets : RHP Masujiro Kanemura
Pinch Hitting: LHB Roberto Pacheco 0-0: Swinging Strike
0-1: Called Strike
0-2: Ball
1-2: Ball
2-2: Strikes out swinging
Batting: LHB Rob Litten 0-0: Called Strike
0-1: Ground out 3-1 (Groundball, 34, EV 97.5 MPH)
Batting: SHB Héctor Solís 0-0: Swinging Strike
0-1: Swinging Strike
0-2: Strikes out swinging
Bottom of the 10th over - 0 runs, 0 hits, 0 errors, 0 left on base; Kennesaw 3 - Put-In-Bay 3
TOP OF THE 11TH
Kennesaw Jets batting - Pitching for Put-In-Bay BC : RHP Júlio Japón
Now at C: Cole Hewitt
Batting: LHB José Costa 0-0: Ball
1-0: Ball
2-0: Called Strike
2-1: Fly out, F8 (Flyball, 8RS, EV 80.6 MPH)
Batting: RHB Steve Gill 0-0: Called Strike
0-1: Ball
1-1: Called Strike
1-2: SINGLE (Groundball, 6D, EV 96.9 MPH)
Batting: LHB Russ Boucher 0-0: Ball
1-0: Called Strike
1-1: Ball
2-1: Foul Ball, location: 2F
2-2: Foul Ball, location: 2F
2-2: Strikes out swinging
Batting: RHB Frank Mallam Pickoff Throw to First - Error! E1
Steve Gill to second
0-0: Fly out, F4 (Line Drive, 4, EV 66.2 MPH)
Top of the 11th over - 0 runs, 1 hit, 1 error, 1 left on base; Kennesaw 3 - Put-In-Bay 3
BOTTOM OF THE 11TH
Put-In-Bay BC batting - Pitching for Kennesaw Jets : RHP Masujiro Kanemura
Batting: RHB Chris P. Bacon 0-0: Called Strike
0-1: Foul Ball, location: 2F
0-2: Ball
1-2: Fly out, F8 (Flyball, 8LM, EV 96.9 MPH)
Batting: LHB Fernan Espinoza 0-0: Foul Ball, location: 2F
0-1: Foul Ball, location: 2F
0-2: Foul Ball, location: 2F
0-2: Ball
1-2: Ground out 6-3 (Groundball, 6MD, EV 85.0 MPH)
Batting: RHB Bang-xao Li 0-0: Ball
1-0: Called Strike
1-1: Foul Ball, location: 2F
1-2: DOUBLE (Line Drive, 3D, EV 110.0 MPH)
Batting: SHB Patrick Sullivan 0-0: Intentional Walk
Pitching: RHP Ross Vinyard
Batting: RHB Zach Stafford 0-0: Ball
1-0: Ball
2-0: Swinging Strike
2-1: Called Strike
2-2: Ball
3-2: Foul Ball, location: 2F
3-2: Strikes out looking
Bottom of the 11th over - 0 runs, 1 hit, 0 errors, 2 left on base; Kennesaw 3 - Put-In-Bay 3
TOP OF THE 12TH
Kennesaw Jets batting - Pitching for Put-In-Bay BC : RHP Júlio Japón
Batting: LHB Scotty Forrest 0-0: Called Strike
0-1: Ball
1-1: Called Strike
1-2: Strikes out swinging
Batting: LHB Ta-hye Keng 0-0: SINGLE (Line Drive, 89S, EV 105.6 MPH)
Batting: RHB Rubén Nuañez 0-0: Ball
1-0: Foul Ball, location: 2F
1-1: Ball
2-1: Called Strike
2-2: 2-RUN HOME RUN (Flyball, 7D, EV 90.6 MPH), Distance : 366 ft
Batting: LHB Steve Hodge 0-0: Called Strike
0-1: Ball
1-1: Ball
2-1: DOUBLE (Line Drive, 78D, EV 110.0 MPH)
Batting: RHB Wally Harrison 0-0: Called Strike
0-1: Swinging Strike
0-2: Strikes out swinging
Batting: LHB José Costa 0-0: Ball
1-0: Swinging Strike
1-1: Ball
2-1: Ball
3-1: Called Strike
3-2: Base on Balls
Batting: RHB Steve Gill 0-0: Ball
1-0: SINGLE (Groundball, 4MD, EV 101.9 MPH)
Steve Hodge to third
José Costa to second
Runner from 3rd tries for Home, SAFE, throw by CF to home
Batting: LHB Russ Boucher 0-0: Ground out 4-3 (Groundball, 4S, EV 89.4 MPH)
Top of the 12th over - 3 runs, 4 hits, 0 errors, 2 left on base; Kennesaw 6 - Put-In-Bay 3
BOTTOM OF THE 12TH
Put-In-Bay BC batting - Pitching for Kennesaw Jets : RHP Ross Vinyard
Batting: LHB Tom Bruce 0-0: Swinging Strike
0-1: Swinging Strike
0-2: Ball
1-2: Strikes out swinging
Batting: RHB Cole Hewitt 0-0: Ball
1-0: Ball
2-0: Ball
3-0: Called Strike
3-1: Base on Balls
Batting: LHB Rob Litten 0-0: Fly out, F4 (Popup, 4MD, EV 58.1 MPH)
Batting: SHB Héctor Solís 0-0: Ball
1-0: Swinging Strike
1-1: Foul Ball, location: 2F
1-2: Strikes out looking
Bottom of the 12th over - 0 runs, 0 hits, 0 errors, 1 left on base; Kennesaw 6 - Put-In-Bay 3
Friday, March 26th, 2021 - OOTP Baseball 20.8 Build 74